 Dungeon Crawl Stone Soup version 0.29.1-1-gd02db6906a (webtiles) character file.

Game seed: 8712604189051607506

350 dave1331 the Chopper (level 6, -1/50 (53) HPs)
             Began as a Hill Orc Fighter on Oct 2, 2022.
             Slain by a wight
             ... wielding a +0 trident
              (6 damage)
             ... on level 4 of the Dungeon.
             The game lasted 00:08:29 (3531 turns).

dave1331 the Chopper (Hill Orc Fighter)             Turns: 3531, Time: 00:08:29

HP:   -1/50 (53)    AC:  7    Str: 21    XL:     6   Next: 61%
MP:   6/6           EV:  9    Int:  8    God:
Gold: 192           SH:  4    Dex: 10    Spells: 5/5 levels left

rFire   . . .      SeeInvis .   a - +0 war axe
rCold   . . .      Faith    .   c - +0 buckler
rNeg    . . .      Spirit   .   b - +0 scale mail
rPois   .          Reflect  .   (no helmet)
rElec   .          Harm     .   (no cloak)
rCorr   .          Rampage  .   (no gloves)
Will    .....                   (no boots)
Stlth   ..........              i - amulet of regeneration
HPRegen 0.96/turn               (no ring)
MPRegen 0.10/turn               (no ring)

@: drained
A: no striking features
a: no special abilities


You were on level 4 of the Dungeon.
You visited 1 branch of the dungeon, and saw 4 of its levels.

You collected 192 gold pieces.

Inventory:

Hand Weapons
 a - a +0 war axe (weapon)
Armour
 b - a +0 scale mail (worn)
 c - a +0 buckler (worn)
Jewellery
 i - an amulet of regeneration (around neck)
 l - a ring of magical power
Wands
 p - a wand of mindburst (18)
 q - a wand of iceblast (14)
 t - a wand of charming (10)
Scrolls
 e - 2 scrolls of blinking
 f - a scroll of torment {unknown}
 g - a scroll of identify {unknown}
 h - a scroll of amnesia {unknown}
 k - a scroll of summoning {unknown}
 m - a scroll of noise {unknown}
 n - a scroll of magic mapping {unknown}
 o - a scroll of fear {unknown}
 r - 2 scrolls of poison {unknown}
 s - a scroll of teleportation {unknown}
Potions
 d - a potion of might
 j - a potion of curing {unknown}


   Skills:
 + Level 4.5 Fighting
 + Level 6.3 Axes
 + Level 4.4 Armour
 + Level 1.1 Dodging
 + Level 1.0 Stealth
 + Level 4.0 Shields


You had 5 spell levels left.
You didn't know any spells.
Your spell library contained the following spells:

 Spells                   Type           Power      Damage    Failure   Level
 Summon Small Mammal      Summ           0%         N/A       83%         1
 Call Canine Familiar     Summ           0%         N/A       99%         3
 Summon Guardian Golem    Hex/Summ       0%         N/A       99%         3


Dungeon Overview and Level Annotations

Branches:
Dungeon (4/15)
 Temple: D:4-7

Altars:
Kikubaaqudgha
Trog


Message History

Things that are here:
a +0 club; a goblin corpse You open the door.
Found a stone staircase leading down.
There is an open door here.
A wight comes into view.
It is wielding a +2 dire flail of freezing.
A wight comes into view.
It is wielding a +0 dire flail. 3 wights come into view.
A wight is wielding a +4 mace of freezing.
You block the wight's attack. The wight attacks as you move away!
The wight hits you with a +2 dire flail of freezing.
The wight freezes you. The wight attacks as you move away!
The wight closely misses you. The wight attacks as you move away!
The wight hits you with a +2 dire flail of freezing.
You feel drained. The wight freezes you.
You slash the wight!
The wight is heavily damaged.
The wight hits you with a +2 dire flail of freezing.
You feel drained. The wight freezes you.
The wight hits you with a +2 dire flail of freezing!
You feel drained. The wight freezes you. The wight misses you.
You slash the wight!
You destroy the wight!
You slash the wight! The wight closely misses you.
You barely miss the wight. x2; The wight barely misses you. x2
You slash the wight!
The wight is almost destroyed.
You barely miss the wight.
The wight hits you with a +0 dire flail.
You closely miss the wight. x2; You hit the wight.
You destroy the wight!
The wight hits you with a +0 dire flail!
* * * LOW HITPOINT WARNING * * *
The wight hits you with a +0 great sword.
* * * LOW HITPOINT WARNING * * *
You feel drained.
The wight hits you from afar with a +0 trident.
You die...

#...# #...#
#...## #....#
#....# #....#
#.z.## #.zz#
##### #.)@#
.....
######...#
.....
.........#
......
.........#
......
.........######
......
......>.......#
.....
...###...##...#
...##
#'######'##...+
...#
..............#


You could see 3 wights.

Vanquished Creatures
  2 wights (D:4)
  A hound (D:4)
  Terence (D:3)
  2 orc wizards (D:3)
  2 iguanas (D:3)
  4 gnolls (D:4)
  2 adders (D:2)
  An ufetubus (D:4)
  2 worms
  4 dart slugs
  An orc (D:3)
  4 bats
  10 endoplasms
  4 giant cockroaches
  9 goblins
  6 hobgoblins
  2 jackals (D:4)
  7 kobolds
  6 ball pythons
  A frilled lizard (D:1)
  6 rats
77 creatures vanquished.

Vanquished Creatures (others)
  A wizard (D:3)
1 creature vanquished.

Grand Total: 78 creatures vanquished

Notes
Turn   | Place    | Note
-------+----------+-------------------------------------------
     0 | D:1      | dave1331 the Hill Orc Fighter began the quest for the Orb.
     0 | D:1      | Reached XP level 1. HP: 19/19 MP: 1/1
    88 | D:1      | Reached XP level 2. HP: 19/27 MP: 2/2
   692 | D:1      | Reached skill level 3 in Axes
   775 | D:1      | Reached XP level 3. HP: 28/33 MP: 3/3
  1418 | D:2      | Found a faded altar of an unknown god.
  1742 | D:2      | Reached skill level 4 in Axes
  1742 | D:2      | Reached XP level 4. HP: 40/40 MP: 4/4
  2304 | D:3      | Found a bloodstained altar of Trog.
  2307 | D:3      | Noticed a wizard
  2313 | D:3      | Killed a wizard
  2494 | D:3      | Reached XP level 5. HP: 26/46 MP: 5/5
  2659 | D:3      | Noticed Terence
  2674 | D:3      | Killed Terence
  2675 | D:3      | Reached skill level 5 in Axes
  3107 | D:3      | Found an ancient bone altar of Kikubaaqudgha.
  3253 | D:4      | Reached skill level 1 in Dodging
  3253 | D:4      | Reached skill level 1 in Stealth
  3253 | D:4      | Reached XP level 6. HP: 32/53 MP: 6/6
  3273 | D:4      | Reached skill level 6 in Axes
  3531 | D:4      | Slain by a wight

Illustrated notes

Levels and vault maps discovered:
D:1:      dpeg_arrival_round_a, layout_loops_corners
D:2:      layout_loops_ring, nicolae_ecumenical_pavilion
D:3:      layout_basic, trog_wizard, lemuel_crystal_altar, uniq_terence
D:4:      layout_gridville

Skill      XL: |  1  2  3  4  5  6 |
---------------+-------------------+-----
Axes           | 3 4 5 6 |  6.3
Fighting       | 4 |  4.5
Armour         | 4 |  4.4
Dodging        | 1 |  1.1
Stealth        | 1 |  1.0
Shields        | 4 |  4.0

Action                   |  1- 3 |  4- 6 || total
-------------------------+-------+-------++-------
Melee: War axe           |   125 |   133 ||   258
  Use: Scroll            |       |     1 ||     1
Armor: Scale mail        |    76 |    53 ||   129
Dodge: Dodged            |    75 |    53 ||   128
Block: Buckler           |    23 |    26 ||    49
